Map: Catalyst LE

Players

axu

  • Race: Protoss Protoss
  • League: Platinum
  • Spawn Location: 5:00

Raytuz - Winner!

  • Race: Zerg Zerg
  • League: Platinum
  • Spawn Location: 11:00

VOD

Have the link to the VOD?

Description

Time

  • Played on: March 30, 2018, 11:09 a.m.
  • Length: 10:58
Show
View Real Time Build Order
Export as new Build Order

axu Protoss 

Build Orders: Zealot Archon 

Get SALT Encoding   

  12  0:01  Probe  
  13  0:15  Probe  
  14  0:29  Pylon  
  14  0:34  Probe  
  15  0:48  Gateway  
  15  0:56  Probe (Chrono Boost)  
  16  1:00  Assimilator  
  16  1:08  Probe (Chrono Boost)  
  17  1:15  Probe (Chrono Boost)  
  18  1:22  Probe  
  19  1:35  Probe  
  20  1:42  Cybernetics Core  
  20  1:48  Probe, Nexus  
  21  2:08  Pylon  
  21  2:13  Assimilator  
  21  2:14  Probe  
  22  2:18  Pylon  
  22  2:26  Adept  
  24  2:35  Probe (Chrono Boost)  
  25  2:41  Warp Gate  
  26  2:45  Gateway, Probe (Chrono Boost)  
  26  2:50  Probe (Chrono Boost)  
  27  3:00  Probe  
  27  3:02  Probe  
  29  3:12  Probe  
  30  3:14  Probe  
  30  3:23  Twilight Council  
  30  3:24  Probe (Chrono Boost)  
  30  3:26  Probe (Chrono Boost)  
  32  3:28  Robotics Facility  
  32  3:31  Stalker (Chrono Boost)  
  34  3:36  Probe (Chrono Boost)  
  34  3:38  Probe (Chrono Boost)  
  38  3:41  Probe (Chrono Boost)  
  38  3:42  Probe (Chrono Boost)  
  38  3:44  Adept (Chrono Boost)  
  40  3:51  Probe  
  40  3:52  Probe  
  42  4:05  Probe x2  
  42  4:08  Assimilator  
  44  4:10  Assimilator  
  44  4:17  Probe x2  
  44  4:18  Dark Shrine  
  44  4:22  Gateway  
  44  4:23  Gateway  
  46  4:27  Warp Prism  
  46  4:29  Probe  
  49  4:39  Probe  
  49  4:41  Probe  
  51  4:51  Probe  
  52  4:53  Pylon  
  52  4:57  Pylon  
  52  5:04  Shield Battery, Probe x2  
  54  5:07  Pylon  
  54  5:16  Probe x2  
  56  5:28  Adept x2  
  58  5:32  Gateway  
  58  5:34  Pylon  
  60  5:43  Adept  
  60  5:44  Adept  
  64  6:00  Dark Templar  
  64  6:01  Dark Templar  
  64  6:03  Dark Templar  
  70  6:04  Dark Templar  
  70  6:10  Probe x2  
  74  6:22  Probe  
  74  6:23  Probe  
  72  6:49  Nexus  
  72  6:51  Pylon  
  72  6:53  Pylon  
  72  6:55  Dark Templar  
  72  6:56  Dark Templar x2  
  72  7:00  Archon x2  
  78  7:08  Immortal (Chrono Boost)  
  82  7:22  Gateway  
  82  7:24  Gateway  
  82  7:25  Forge x2  
  82  7:28  Gateway x2  
  82  7:32  Shield Battery  
  82  7:33  Shield Battery  
  82  7:35  Shield Battery  
  82  7:36  Stalker  
  82  7:37  Stalker x3  
  84  7:38  Stalker  
  84  7:40  Charge  
  89  7:55  Pylon  
  89  8:20  Stalker x3  
  89  8:24  Pylon  
  87  8:27  Pylon  
  87  8:31  Probe x3  
  88  8:40  Photon Cannon  
  88  8:43  Probe x2, Photon Cannon x2  
  90  8:54  Immortal, Photon Cannon  
  94  8:56  Photon Cannon  
  94  8:59  Pylon, Photon Cannon  
  94  9:02  Pylon  
  94  9:05  Adept x2  
  94  9:06  Adept x3  
  94  9:07  Stalker  
  94  9:08  Stalker  
  91  9:18  Stalker x2  
  84  9:26  Photon Cannon  
  76  9:33  Immortal  
  76  9:36  Stalker  
  76  9:37  Stalker x3  
  77  9:56  Stalker  
  77  9:57  Stalker x4  
  83  10:04  Dark Templar x2  
  87  10:11  Archon  
  81  10:26  Stalker x2  
  81  10:27  Stalker  
  69  10:43  Stalker  
  69  10:44  Stalker  
Show
View Real Time Build Order
Export as new Build Order

Raytuz Zerg - Winner!

Build Orders: Pool First 

Get SALT Encoding   

  12  0:01  Drone  
  13  0:13  Overlord  
  13  0:17  Drone  
  14  0:31  Drone  
  14  0:32  Drone  
  17  0:35  Drone  
  17  0:45  Drone  
  18  0:51  Spawning Pool  
  17  1:13  Hatchery  
  17  1:16  Drone  
  17  1:20  Drone  
  18  1:25  Overlord  
  18  1:35  Drone  
  19  1:43  Queen  
  19  1:44  Extractor  
  19  1:45  Zergling x2  
  21  1:51  Zergling x2  
  22  2:01  Drone  
  23  2:19  Queen  
  25  2:25  Queen  
  25  2:26  Overlord  
  25  2:27  Drone x2  
  29  2:36  Drone x2  
  31  2:46  Metabolic Boost  
  31  2:48  Drone x2  
  31  2:51  Extractor  
  32  2:53  Drone x2  
  32  2:58  Drone  
  35  2:59  Drone  
  36  3:07  Drone  
  37  3:17  Drone  
  37  3:30  Drone  
  37  3:31  Drone x5  
  37  3:32  Overlord  
  43  3:50  Overlord  
  43  3:58  Hatchery  
  42  4:04  Lair  
  42  4:07  Drone x3  
  42  4:08  Overlord  
  45  4:20  Overlord, Drone  
  45  4:22  Zergling x6  
  45  4:23  Zergling x2  
  50  4:28  Extractor  
  49  4:44  Zergling x4  
  49  4:45  Zergling x8  
  55  4:58  Spore Crawler  
  55  4:59  Spore Crawler  
  53  5:03  Spore Crawler  
  53  5:05  Spire  
  53  5:06  Drone x2  
  54  5:07  Drone x2  
  54  5:10  Queen  
  56  5:29  Zergling x4  
  50  5:54  Zergling x2  
  50  5:55  Zergling x6  
  50  5:56  Zergling x10  
  57  5:57  Overlord  
  57  6:09  Spore Crawler, Drone x5  
  57  6:10  Overlord, Drone x2  
  63  6:22  Mutalisk x5  
  73  6:26  Zerg Flyer Weapons Level 1  
  71  6:38  Overseer  
  69  6:44  Mutalisk  
  69  6:45  Mutalisk x3  
  77  6:54  Spore Crawler  
  77  6:55  Spore Crawler, Drone x6  
  77  6:56  Overlord x2  
  77  7:00  Extractor  
  80  7:03  Mutalisk  
  80  7:05  Extractor  
  81  7:10  Mutalisk  
  83  7:23  Pneumatized Carapace  
  83  7:24  Overlord x2  
  83  7:28  Evolution Chamber, Drone  
  83  7:29  Drone x7  
  88  7:57  Drone  
  88  7:58  Overlord, Drone x4  
  91  8:06  Zergling x2  
  91  8:07  Zergling x12  
  89  8:28  Overseer x2  
  89  8:35  Zerg Melee Weapons Level 1, Zergling x2  
  89  8:36  Roach Warren, Zergling x14  
  96  8:44  Extractor  
  95  8:56  Infestation Pit  
  93  9:14  Mutalisk x7  
  93  9:15  Overlord x2  
  101  9:24  Zergling x4  
  97  9:45  Hive  
  97  9:49  Mutalisk x4  
  97  9:51  Overlord x2, Hatchery  
  102  9:52  Zergling x2  
  102  9:53  Zergling x8  
  102  9:55  Overseer x2  
  102  10:31  Zergling x16  
  102  10:32  Zergling x6  
Tags
 
Composition
Zealot Archon
Matchup
PvZ
Opening
Pool First
Spawn Locations
Cross Positions
Add a new tag
Caveats
  • Supply blocks, unpowered buildings, or Contaminate may cause inaccurate times.
  • Supply counts are checked every 10 seconds.